[Event "*** SCC Grand Prix: Titled Tuesday Blitz"]
[Site "Chess.com"]
[Date "2020.10.13"]
[Round "10"]
[White "Gusarov91"]
[Black "WildTricks"]
[Result "1-0"]
[WhiteElo "2575"]
[BlackElo "2442"]
[TimeControl "180+1"]
[EndTime "11:55:07 PDT"]
[Termination "Gusarov91 won on time"]

1. d4 f5 2. Nf3 Nf6 3. c4 d6 4. g3 g6 5. Bg2 Bg7 6. O-O O-O 7. Nc3 Qe8 8. Nb5 Na6 9. d5 Bd7 10. a4 c6 11. Nc3 Rc8 12. Nd4 h6 13. a5 g5 14. Rb1 Kh8 15. e4 cxd5 16. cxd5 fxe4 17. Ne6 Bxe6 18. dxe6 Nc5 19. Be3 Qg6 20. Bd4 Nxe6 21. Bxf6 Bxf6 22. Bxe4 Qg7 23. Bxb7 Rb8 24.
Bd5 Nc5 25. Qc2 Bd4 26. Rbd1 e5 27. b3 Rf6 28. Ne2 Ne6 29. Bxe6 Rxe6 30. Nxd4 exd4 31. Qc4 Re4 32. Qd5 Qe5 33. Qc6 Rf8 34. Qa4 Kg7 35. Rd3 Rf7 36. Qc4 Re1 37. Qxd4 Rxf1+ 38. Kxf1 Qxd4 39.
Rxd4 Rb7 40. Rxd6 Rxb3 41. Rd7+ Kg6 42. Rxa7 Kf5 43. h3 h5 44. a6 Ra3 45. Ra8 Kg6 46. Kg2 1-0

[Event "*** SCC Grand Prix: Titled Tuesday Blitz"]
[Site "Chess.com"]
[Date "2020.10.13"]
[Round "10"]
[White "JiiHart"]
[Black "niki_2003"]
[Result "0-1"]
[WhiteElo "2058"]
[BlackElo "1813"]
[TimeControl "180+1"]
[EndTime "11:55:08 PDT"]
[Termination "niki_2003 won by resignation"]

1. e4 c5 2. Nf3 d6 3. d4 cxd4 4. Nxd4 Nf6 5. Nc3 g6 6. Be3 Bg7 7. f3 Nc6 8. Qd2 O-O 9. g4 Be6 10.
h4 h5 11. gxh5 Nxh5 12. Rg1 Nxd4 13. Bxd4 Bxd4 14. Qxd4 Qb6 15. Qxb6 axb6 16. a3 Kg7 17. O-O-O Rh8 18. Nd5 Bxd5 19. Rxd5 Nf4 20. Rb5 Rxh4 21. Rxb6 Rah8 22. Bc4 d5 23. exd5 Rc8 24. d6 Rxc4 25. dxe7 Rh8 26. Kd2 Rc7 27. Re1 Nd5 28. Rb5 Nxe7 29.
c4 Nf5 30. Rd5 Rxc4 31. Re4 Rhc8 32. Rxc4 Rxc4 33. Rd7 Rd4+ 34. Rxd4 Nxd4 35. Ke3 Nf5+ 36. Ke4 Kf6 37. a4 Ke6 38. b4 Nd6+ 39. Kd4 f5 40. a5 g5 41. Kc5 g4 42. b5 Nxb5 43. Kxb5 gxf3 44. Kb6 f2 45. Kxb7 f1=Q 46. a6 Qxa6+ 47. Kxa6 f4 0-1

[Event "*** SCC Grand Prix: Titled Tuesday Blitz"]
[Site "Chess.com"]
[Date "2020.10.13"]
[Round "10"]
[White "Legendinunknown"]
[Black "crescentmoon2411"]
[Result "0-1"]
[WhiteElo "2609"]
[BlackElo "2806"]
[TimeControl "180+1"]
[EndTime "11:55:09 PDT"]
[Termination "crescentmoon2411 won by checkmate"]

1. d4 Nf6 2. c4 c5 3. d5 e6 4. Nc3 exd5 5. cxd5 d6 6. e4 g6 7. Bd3 Bg7 8. Nge2 O-O 9. Bg5 Nbd7 10. O-O h6 11.
Bh4 Ne5 12. Bc2 g5 13. Bg3 Nh5 14. a4 a6 15. f3 Nxg3 16. Nxg3 Ng6 17. Nh5 Be5 18. g3 Bh3 19. Re1 Qb6 20. f4 c4+ 21. Kh1 Qf2 22. Rg1 Bd4 23. e5 Qxg1+ 24. Qxg1 Bxg1 25.
Kxg1 dxe5 26. f5 Ne7 27. g4 Rad8 28. Rd1 Kh8 29. d6 Nc8 30. d7 Bxg4 31. dxc8=Q Rxc8 32. Nf6 Bxd1 33. Bxd1 Rfd8 34. Bh5 Kg7 35. Nfe4 f6 36. Bg6 Rd4 37. Ng3 Kf8 38. Nh5 Ke7 39. Ng7 b5 40. Ne6 Rd2 41. axb5 axb5 42. Nxb5 Rb8 43. Na7 Rbxb2 44. Nc6+ Kd6 45. Nxe5 Rd1# 0-1

[Event "*** SCC Grand Prix: Titled Tuesday Blitz"]
[Site "Chess.com"]
[Date "2020.10.13"]
[Round "10"]
[White "MrChampion_Coach"]
[Black "UCantHandleDenker"]
[Result "0-1"]
[WhiteElo "2372"]
[BlackElo "2543"]
[TimeControl "180+1"]
[EndTime "11:55:09 PDT"]
[Termination "UCantHandleDenker won by resignation"]

1. d4 Nf6 2. c4 d6 3. Nc3 Nbd7 4. Nf3 e5 5. e4 Be7 6. h3 O-O 7. Be3 exd4 8. Bxd4 Re8 9. Qc2 c6 10. Bd3 Bf8 11.
O-O-O Qc7 12. Kb1 Ne5 13. Be2 Be6 14. c5 Nfd7 15. cxd6 Bxd6 16. Nxe5 Bxe5 17. Bxe5 Qxe5 18. g3 Nb6 19. f4 Qa5 20. b3 Rad8 21. Bg4 Bxg4 22.
hxg4 Qb4 23. e5 Rxd1+ 24. Nxd1 g6 25. Nf2 Nd5 26. Ne4 Qxe4 27. Qxe4 Nc3+ 28. Kc2 Nxe4 29.
b4 Nxg3 30. Re1 h5 31. Re3 h4 32. Rd3 Kg7 33. Kd1 h3 34. Rxg3 h2 35. Rh3 Rh8 36.
Rxh2 Rxh2 37. f5 gxf5 38. gxf5 Rxa2 39. Ke1 Kf8 40. Kf1 Ke7 41. Ke1 b6 42. Kf1 a5 43.
Ke1 axb4 44. Kd1 b3 45. f6+ Ke6 46. Kc1 Kxe5 47. Kb1 Kxf6 48. Kc1 Ke5 49. Kb1 Rc2 50.
Ka1 f5 51. Kb1 f4 52. Ka1 f3 53. Kb1 f2 0-1

[Event "*** SCC Grand Prix: Titled Tuesday Blitz"]
[Site "Chess.com"]
[Date "2020.10.13"]
[Round "10"]
[White "Sanan_Sjugirov"]
[Black "Smirnov_Pavel"]
[Result "0-1"]
[WhiteElo "2897"]
[BlackElo "2868"]
[TimeControl "180+1"]
[EndTime "11:55:10 PDT"]
[Termination "Smirnov_Pavel won on time"]

1. d4 d5 2. c4 e6 3. Nf3 Nf6 4. g3 Be7 5. Bg2 O-O 6. Nc3 c6 7. O-O Nbd7 8. b3 b6 9. Bb2 Ba6 10.
Nd2 b5 11. c5 b4 12. Na4 Bb5 13. a3 a5 14. Re1 Qc7 15. axb4 axb4 16. e4 dxe4 17. Nxe4 Nd5 18. Qc2 Ra7 19. Bc1 Rfa8 20. Bg5 Bxg5 21. Nxg5 N7f6 22. Bxd5 cxd5 23. Ra2 h6 24.
Nf3 Ne4 25. Rea1 f6 26. Nb6 Rxa2 27. Rxa2 Ra3 28. Kg2 Qa7 29. Rb2 Ra1 30. h4 g5 31.
Nd2 f5 32. Nxe4 fxe4 33. Qd2 Qf7 34. Qe3 Qf5 35. Nc8 Bf1+ 36. Kg1 Qh3 37. f4 Bd3+ 0-1

[Event "*** SCC Grand Prix: Titled Tuesday Blitz"]
[Site "Chess.com"]
[Date "2020.10.13"]
[Round "10"]
[White "kreonx"]
[Black "BursaBBSatranc"]
[Result "0-1"]
[WhiteElo "2366"]
[BlackElo "2582"]
[TimeControl "180+1"]
[EndTime "11:55:11 PDT"]
[Termination "BursaBBSatranc won on time"]

1. e4 e5 2. Nf3 Nf6 3. Nxe5 d6 4. Nf3 Nxe4 5. Nc3 Nxc3 6. dxc3 Nc6 7. Bd3 Be7 8. Be3 Be6 9. Qd2 Qd7 10. Nd4 Nxd4 11.
Bxd4 O-O 12. O-O c5 13. Be3 d5 14. Be2 Rfd8 15. Bf3 Rac8 16. Rad1 Bf6 17. Bg5 Bxg5 18. Qxg5 h6 19. Qf4 Qd6 20. Qg3 Qxg3 21. fxg3 Rd6 22. Rd2 Rcd8 23. Rfd1 Kf8 24. Kf2 Ke7 25. a4 b6 26. b3 d4 27. c4 Bf5 28. Re1+ Kf6 29. Be4 Re6 30. Bxf5 Kxf5 31. Kf1 Rde8 32. Rf2+ Kg6 33. Rfe2 Kf6 34. Kf2 Ke7 35. Kf3 Kd6 36. Re4 Rf6+ 37. Kg4 Ree6 38. Rxe6+ fxe6 39. Re2 e5 40.
h4 Ke6 41. h5 Rf5 42. Kh4 Rf1 43. g4 Rf4 44. g3 Rf3 45. g5 Kf5 46. gxh6 gxh6 47. g4+ Kf4 48. Rg2 Rf1 49. Rh2 e4 50. Kh3 e3 0-1

[Event "*** SCC Grand Prix: Titled Tuesday Blitz"]
[Site "Chess.com"]
[Date "2020.10.13"]
[Round "10"]
[White "Gabrielian_Artur"]
[Black "wonderfultime"]
[Result "0-1"]
[WhiteElo "2789"]
[BlackElo "2917"]
[TimeControl "180+1"]
[EndTime "11:55:12 PDT"]
[Termination "wonderfultime won by resignation"]

1. e4 c5 2. Nc3 Nc6 3. Bb5 g6 4. Bxc6 bxc6 5. d3 Bg7 6. Be3 Rb8 7. Qc1 Qa5 8. Ne2 Nf6 9. O-O O-O 10. h3 d5 11. Bd2 Qb6 12. b3 Ba6 13. Re1 Rfe8 14. Bh6 Bh8 15. e5 Nd7 16. e6 fxe6 17. Na4 Qc7 18. c4 e5 19. Ng3 Qd6 20. Qg5 Bf6 21.
Qg4 Bc8 22. Qf3 Nb6 23. Nc3 Be6 24. Rad1 Bh8 25. h4 Nd7 26. h5 Nf6 27. hxg6 hxg6 28. Nce2 Ng4 29. d4 Nxh6 30. dxe5 Bxe5 31. Qd3 Bf7 32. Qd2 Bg7 33. Nf4 e5 34. Nh3 Rbd8 35. Ng5 Qf6 36. Nxf7 Nxf7 37. Qa5 Bf8 38. Qxa7 Ra8 39.
Qd7 Red8 40. Qg4 Rxa2 41. Rf1 Rd6 42. f4 e4 43. f5 g5 44. Nh5 Qb2 45. f6 Qe2 46.
Qh3 d4 47. Ng3 g4 48. Qh2 Qe3+ 49. Kh1 Re6 50. Nf5 Qg5 51. Rf4 Rxf6 52. Rdf1 e3 53. Qg3 e2 54. Re1 Ne5 55. Kg1 Rxf5 56. Re4 Rf1+ 57. Rxf1 exf1=Q+ 58. Kxf1 Qf5+ 59. Kg1 Qxe4 60. Kh2 Nf3+ 0-1

[Event "*** SCC Grand Prix: Titled Tuesday Blitz"]
[Site "Chess.com"]
[Date "2020.10.13"]
[Round "10"]
[White "wanyaland"]
[Black "Ze-Pequeno"]
[Result "0-1"]
[WhiteElo "2261"]
[BlackElo "2176"]
[TimeControl "180+1"]
[EndTime "11:55:13 PDT"]
[Termination "Ze-Pequeno won on time"]

1. d4 Nf6 2. c4 Nc6 3. Nf3 e6 4. g3 d5 5. Bg2 Bb4+ 6. Bd2 dxc4 7. O-O Rb8 8. Qc2 b5 9. b3 Bxd2 10. Qxd2 cxb3 11. axb3 O-O 12. Rc1 Rb6 13. Nc3 Bb7 14. e3 a6 15. Qb2 Nb4 16. Qb1 Qa8 17. Ne1 Rc8 18. e4 c5 19. dxc5 Rxc5 20. Nd3 Nxd3 21.
Qxd3 Qc8 22. Ne2 Rxc1+ 23. Rxc1 Rc6 24. Rxc6 Bxc6 25. h3 h6 26. Nd4 Bb7 27. b4 Nd7 28. Nb3 Qc7 29. Qd4 Bc8 30. f4 e5 31. Qe3 exf4 32.
gxf4 Bb7 33. Qd4 Qb6 34. Nc5 Nxc5 35. bxc5 Qc7 36. Qd6 Qxd6 37. cxd6 Kf8 38. Kf2 Ke8 0-1

[Event "*** SCC Grand Prix: Titled Tuesday Blitz"]
[Site "Chess.com"]
[Date "2020.10.13"]
[Round "10"]
[White "Sergey85Rodchenkov"]
[Black "BJthechessgod"]
[Result "1-0"]
[WhiteElo "2424"]
[BlackElo "2243"]
[TimeControl "180+1"]
[EndTime "11:55:18 PDT"]
[Termination "Sergey85Rodchenkov won by resignation"]

1. e4 c5 2. Nf3 e6 3. d3 Nc6 4. g3 d5 5. Nbd2 Nf6 6. Bg2 Be7 7. O-O O-O 8. Re1 d4 9. e5 Nd7 10. a4 a6 11. Nc4 Nb6 12. b3 Nxc4 13. bxc4 b6 14.
Bf4 Bb7 15. h4 h6 16. h5 Na7 17. Rb1 Bc6 18. Qd2 Kh7 19. a5 b5 20. c3 dxc3 21.
Qxc3 b4 22. Qc2 Kg8 23. Red1 Qxa5 24. d4 cxd4 25. Rxd4 Rad8 26. Rbd1 Rxd4 27. Rxd4 Rd8 28. Rxd8+ Qxd8 29. Be3 Nc8 30. c5 a5 31. Qc4 Qd5 32. Qa6 Qd8 33. Qxc6 b3 34. Qb5 Qd1+ 35. Kh2 Qc2 36. Nd4 Qxc5 37. Qxb3 Qxe5 38. Bf3 Bc5 39. Nc6 Qd6 40. Bxc5 Qxc5 41. Kg2 Nd6 42. Qb8+ Kh7 43.
Ne7 Nc8 44. Nxc8 a4 45. Qa8 a3 46. Qa6 Qb4 47. Nb6 Qb2 48. Nd7 a2 49. Nf8+ Kg8 50.
Qc8 g5 51. Nxe6+ Kh7 52. Be4+ 1-0

[Event "*** SCC Grand Prix: Titled Tuesday Blitz"]
[Site "Chess.com"]
[Date "2020.10.13"]
[Round "10"]
[White "Julianos82"]
[Black "onnoelgersma"]
[Result "0-1"]
[WhiteElo "2317"]
[BlackElo "2476"]
[TimeControl "180+1"]
[EndTime "11:55:19 PDT"]
[Termination "onnoelgersma won by resignation"]

1. d4 d5 2. Bf4 Nf6 3. e3 c5 4. c3 e6 5. Nd2 Bd6 6. Bxd6 Qxd6 7. f4 h6 8. Ngf3 Rg8 9. Ne5 Nc6 10.
Bd3 Bd7 11. O-O Rb8 12. a4 a6 13. Qe2 Ne7 14. Ndf3 Ne4 15. Nxd7 Qxd7 16. Ne5 Qc7 17.
Bxe4 dxe4 18. c4 f6 19. Ng4 Nf5 20. Rad1 Rd8 21. d5 exd5 22. cxd5 Qe7 23. Rfe1 Kf7 24. Qc4 Kg6 25. d6 Nxd6 26. Qxc5 Nf5 27. Qxe7 Nxe7 28. Nf2 f5 29. g4 Kf6 30. gxf5 Kxf5 31. Kf1 Nd5 32. Ke2 Nb4 33. Rd4 Rxd4 34. exd4 Nd5 35. Nh3 Rc8 36. Rg1 Rc2+ 37. Kd1 Rxh2 38.
Rxg7 Rxh3 39. Rf7+ Kg4 40. Rxb7 Kf3 41. Rd7 Ne3+ 42.
Kd2 Rh2+ 43. Kc3 Rc2+ 44. Kb3 Rc8 45. f5 Nd1 46. f6 e3 47. f7 e2 48. Re7 Rf8 49.
d5 Kf2 50. d6 e1=Q 0-1

[Event "*** SCC Grand Prix: Titled Tuesday Blitz"]
[Site "Chess.com"]
[Date "2020.10.13"]
[Round "10"]
[White "Alexsur1981"]
[Black "Gloomy_Wanderer"]
[Result "1-0"]
[WhiteElo "2825"]
[BlackElo "2780"]
[TimeControl "180+1"]
[EndTime "11:55:20 PDT"]
[Termination "Alexsur1981 won by resignation"]

1. e4 c5 2. Nc3 a6 3. Nf3 e6 4. g4 b5 5. d3 Bb7 6. Bg2 d6 7. O-O Be7 8. a4 b4 9. Ne2 Nf6 10. h3 Nc6 11. Ng3 Qb6 12. c3 a5 13.
d4 bxc3 14. bxc3 cxd4 15. cxd4 Nb4 16. Re1 d5 17. Ne5 Nxe4 18. Nxe4 dxe4 19. Bxe4 Bxe4 20. Rxe4 O-O 21. g5 Qb7 22. Rh4 f6 23. Qh5 fxe5 24. Qxh7+ Kf7 25. Qh5+ g6 26. Qh7+ Ke8 27. Qxg6+ Kd7 28.
dxe5 Qf3 29. Be3 Nd5 30. Qd3 Rab8 31. Rh7 Rf7 32. Rxf7 Qxf7 33. Rd1 Qf3 34. Qf1 Ke8 35. Bc1 Nc3 36. Re1 Rb1 37. Kh2 Rxc1 38. Rxc1 Bxg5 39. Re1 Bf4+ 40. Kg1 Nd5 41. Qg2 Qc3 42. Qg6+ Ke7 43. Rb1 Nb4 44. Qg7+ Ke8 45. Qg8+ Ke7 46. Qg7+ Ke8 47.
Qg6+ Kd7 48. Qf7+ Kc6 49. Qxf4 Qc2 50. Rc1 1-0

[Event "*** SCC Grand Prix: Titled Tuesday Blitz"]
[Site "Chess.com"]
[Date "2020.10.13"]
[Round "10"]
[White "Matveev_Vladimir"]
[Black "Semen16"]
[Result "1-0"]
[WhiteElo "2695"]
[BlackElo "2490"]
[TimeControl "180+1"]
[EndTime "11:55:20 PDT"]
[Termination "Matveev_Vladimir won by checkmate"]

1. d4 d5 2. c4 dxc4 3. Nf3 Nf6 4. e3 Bg4 5. Bxc4 e6 6. Qb3 Nc6 7. Qxb7 Bxf3 8. gxf3 Na5 9. Bb5+ Ke7 10. Qa6 c6 11.
Be2 Qb6 12. Qd3 Ke8 13. Nc3 Rd8 14. f4 c5 15. Qb5+ Qxb5 16. Bxb5+ Ke7 17. dxc5 Rc8 18. b4 Nc6 19. a3 g6 20. Bb2 Bg7 21. Ne4 Nxe4 22.
Bxg7 Rhd8 23. f3 Nd2 24. Ke2 f6 25. Rhd1 Nb3 26. Rab1 Nbd4+ 27. exd4 Nxd4+ 28. Rxd4 Rxd4 29. Rd1 Rxd1 30. Kxd1 h5 31. Ba6 Rc7 32. h4 Kf7 33. Bh6 Kg8 34. f5 gxf5 35. Bf4 e5 36. Be3 f4 37. Bf2 Kf7 38. Bc4+ Kg6 39. b5 f5 40. c6 e4 41. Ke2 e3 42. Be1 Kf6 43. Bc3+ Ke7 44.
Be5 Rc8 45. Bxf4 Kf6 46. Kxe3 Re8+ 47. Kd4 Rd8+ 48. Kc5 a6 49. Bg5+ Ke5 50. Bxd8 axb5 51. Bxb5 f4 52. c7 Ke6 53. c8=Q+ Kf7 54. Qf5+ Kg7 55. Qf6+ Kh7 56. Bd3+ Kg8 57. Bc4+ Kh7 58. Qf7+ Kh6 59. Bg5# 1-0

[Event "*** SCC Grand Prix: Titled Tuesday Blitz"]
[Site "Chess.com"]
[Date "2020.10.13"]
[Round "10"]
[White "nitpicker"]
[Black "TST2014"]
[Result "1/2-1/2"]
[WhiteElo "2297"]
[BlackElo "2519"]
[TimeControl "180+1"]
[EndTime "11:55:20 PDT"]
[Termination "Game drawn - insufficient material"]

1. d4 Nf6 2. c4 c5 3. d5 b5 4.
cxb5 a6 5. bxa6 Bxa6 6. Nc3 g6 7. e4 Bxf1 8. Kxf1 d6 9. Nf3 Qc8 10.
h3 Qa6+ 11. Kg1 Nbd7 12. Kh2 Bg7 13. Re1 O-O 14. a4 Rfb8 15. Qe2 Ne8 16. Bf4 Qxe2 17. Rxe2 Rxb2 18. Rxb2 Bxc3 19. Rb7 Bxa1 20. Rxd7 Kf8 21. e5 dxe5 22. Bxe5 Bxe5+ 23. Nxe5 Rxa4 24. Rd8 f6 25. Nd7+ Kf7 26. Nxc5 Ra2 27. Kg3 Nd6 28. Ne6 g5 29. Rf8+ Kg6 30. Rg8+ Kf5 31. Kf3 Ne4 32. Rg7 Rxf2+ 33.
Ke3 Rxg2 34. Nd4+ Ke5 35. Nc6+ Kxd5 36. Nxe7+ Ke5 37. Nc6+ Kd5 38. Ne7+ Ke5 39. Nc6+ Kd6 40. Nd4 Ng3 41. Kf3 Rg1 42. Kf2 Rd1 43. Nb5+ Kc5 44.
Kxg3 Kxb5 45. Rxh7 Rd4 46. Rf7 Rf4 47. h4 Rxh4 48. Rxf6 Rf4 49. Rxf4 gxf4+ 50. Kxf4 1/2-1/2

[Event "*** SCC Grand Prix: Titled Tuesday Blitz"]
[Site "Chess.com"]
[Date "2020.10.13"]
[Round "10"]
[White "FMKonstantin_Twitch"]
[Black "Slovak_fighter2000"]
[Result "1-0"]
[WhiteElo "2560"]
[BlackElo "2408"]
[TimeControl "180+1"]
[EndTime "11:55:21 PDT"]
[Termination "FMKonstantin_Twitch won by resignation"]

1. e4 g6 2. Nc3 Bg7 3. d4 d6 4.
Be3 a6 5. f3 b5 6. Qd2 Bb7 7.
h4 h5 8. Nh3 Nd7 9. Ng5 e6 10.
a4 c6 11. Ne2 Ne7 12. Nf4 Nf8 13. c4 bxc4 14. Bxc4 d5 15. Be2 Qd7 16. Nd3 Qc8 17. Nc5 Nd7 18. Rc1 Nxc5 19. Rxc5 Qd7 20. O-O O-O 21. e5 Rfb8 22. g4 hxg4 23. fxg4 Rf8 24. h5 gxh5 25. gxh5 Nf5 26. Bd3 Nxe3 27. Qxe3 f5 28.
Qg3 Kh8 29. Nh3 Bh6 30. Nf4 Bxf4 31. Qxf4 Rg8+ 32. Kf2 Qg7 33. Ke2 Kh7 34. Kd2 Qg2+ 35.
Kc3 Rg4 36. Bxf5+ exf5 37. Qxf5+ Kh6 38. Qe6+ Kxh5 39. Qf7+ Kh4 40. Qh7+ Kg3 41. Rd1 Rf4 42. Qg7+ Kh2 43. Qh6+ Kg3 44. Qg5+ Rg4 45. Rd3+ Kh2 46. Qh5+ Kg1 47. Rd1+ Kf2 48. Rd2+ Ke3 49. Rxg2 Rxg2 50. Qh6+ Ke4 51. Qh7+ Ke3 52. Qxb7 1-0

[Event "*** SCC Grand Prix: Titled Tuesday Blitz"]
[Site "Chess.com"]
[Date "2020.10.13"]
[Round "10"]
[White "PhileKhoob"]
[Black "Reader777"]
[Result "1-0"]
[WhiteElo "2540"]
[BlackElo "2698"]
[TimeControl "180+1"]
[EndTime "11:55:22 PDT"]
[Termination "PhileKhoob won by checkmate"]

1. Nf3 Nf6 2. Nc3 e6 3. e4 d5 4. e5 Nfd7 5. d4 c5 6. dxc5 Nc6 7. Bg5 Qa5 8. a3 Ndxe5 9. Nxe5 Nxe5 10. Bb5+ Bd7 11.
Bxd7+ Nxd7 12. b4 Qc7 13. O-O b6 14. Nxd5 Qc6 15. Qf3 Rc8 16. Rfe1 bxc5 17. c4 cxb4 18. axb4 Qxc4 19. Rac1 Qa6 20. Nc7+ Rxc7 21. Rxc7 f6 22.
Qa8+ Ke7 23. Rd1 fxg5 24. Qxa7 Qe2 25. Rcxd7+ Kf6 26. Qd4+ Kg6 27. Rd8 Kh6 28. Qe3 Qc4 29.
R8d4 Qc6 30. b5 Qxb5 31. Qxe6+ Kh5 32. Qh3+ Kg6 33. Qe6+ Kh5 34. g4+ Kh4 35. R4d3 Bc5 36. Qe4 Rf8 37. Rf3 Rxf3 38. Qxf3 Qb2 39. Qg3# 1-0

[Event "*** SCC Grand Prix: Titled Tuesday Blitz"]
[Site "Chess.com"]
[Date "2020.10.13"]
[Round "10"]
[White "elohunter1999"]
[Black "witcher8"]
[Result "1/2-1/2"]
[WhiteElo "2595"]
[BlackElo "2433"]
[TimeControl "180+1"]
[EndTime "11:55:25 PDT"]
[Termination "Game drawn - insufficient material"]

1. e4 c6 2. Nc3 d5 3. Nf3 Bg4 4. h3 Bh5 5. exd5 cxd5 6. g4 Bg6 7. Ne5 Nc6 8. d4 e6 9. Bf4 Bb4 10. Bd3 Qa5 11. Nxg6 hxg6 12. Qd2 Nxd4 13. O-O-O Bxc3 14. Qxc3 Qxc3 15. bxc3 Nc6 16. c4 Nf6 17. g5 Nh5 18. Bd6 O-O-O 19. c5 Rxd6 20. cxd6 Nf4 21. h4 Kd7 22. c4 Kxd6 23. cxd5 Nxd5 24. Bc4 Ne7 25. Kb2 a6 26. Be2 Nf5 27. h5 gxh5 28. Rxh5 Rxh5 29. Bxh5 g6 30. Bf3 Ke5 31. Rc1 Nfe7 32. Bxd5 Nxd5 33. Rc8 Kf5 34. Rf8 Kxg5 35. Rxf7 b6 36.
Ra7 a5 37. Kb3 Kf4 38. Rg7 g5 39. Kc4 g4 40. a3 Kf3 41. Rg6 Nf4 42. Rf6 e5 43.
Rf5 Kxf2 44. Rxe5 g3 45. Rf5 Kf3 46. Kb5 g2 47. Rg5 Ne2 48. Rxg2 Kxg2 49. Kxb6 a4 50. Kb5 Nc3+ 51. Kb4 Nb1 52. Kxa4 Nxa3 1/2-1/2

[Event "*** SCC Grand Prix: Titled Tuesday Blitz"]
[Site "Chess.com"]
[Date "2020.10.13"]
[Round "10"]
[White "BanjoKazooieN64"]
[Black "barriochess"]
[Result "1-0"]
[WhiteElo "2446"]
[BlackElo "2267"]
[TimeControl "180+1"]
[EndTime "11:55:25 PDT"]
[Termination "BanjoKazooieN64 won by resignation"]

1. d4 Nf6 2. e3 g6 3. Nf3 Bg7 4. Be2 O-O 5. O-O d6 6. b3 c5 7.
dxc5 dxc5 8. Qxd8 Rxd8 9. Bb2 Bf5 10. Na3 Nc6 11. Nh4 Be4 12. Rfd1 Nb4 13. Rdc1 Rd7 14. Nf3 Rad8 15. c3 Nfd5 16. Nc4 Bd3 17. cxb4 Bxc4 18. bxc4 Bxb2 19. cxd5 Bxa1 20. Rxa1 Rxd5 21. b5 e5 22. e4 R5d7 23. Kf1 f6 24. Bc4+ Kg7 25.
Bd5 b6 26. a4 Re7 27. Nd2 f5 28. f3 Kf6 29. Ke2 Red7 30. Nc4 Rxd5 31. exd5 Rxd5 32. a5 Rd4 33. axb6 axb6 34. Nxb6 Kg5 35. Rb1 e4 36.
Nc8 exf3+ 37. Kxf3 Rd8 38. Ne7 Rd7 39. b6 c4 40. b7 c3 41. b8=Q c2 42. Qf4+ Kf6 43.
Rb6+ Kxe7 44. Qe5+ Kf7 45. Qf6+ Ke8 46. Rb8+ 1-0

[Event "*** SCC Grand Prix: Titled Tuesday Blitz"]
[Site "Chess.com"]
[Date "2020.10.13"]
[Round "10"]
[White "SergeyKarjakin"]
[Black "LiamVrolijk"]
[Result "0-1"]
[WhiteElo "2897"]
[BlackElo "2858"]
[TimeControl "180+1"]
[EndTime "11:55:26 PDT"]
[Termination "LiamVrolijk won on time"]

1. d4 Nf6 2. Bg5 d5 3. Nd2 c5 4. dxc5 Qa5 5. Nf3 Qxc5 6. e3 Nbd7 7. c4 e6 8. Rc1 Qa5 9. a3 Be7 10. Bd3 O-O 11. O-O Qd8 12. Qe2 b6 13. Rfd1 Bb7 14.
h3 h6 15. Bf4 Rc8 16. Ne5 Nxe5 17. Bxe5 Nd7 18. Bg3 Bf6 19. Nf3 Qe7 20. cxd5 exd5 21.
b4 Rfe8 22. Rxc8 Rxc8 23. Ba6 Nf8 24. Bxb7 Qxb7 25. Be5 Bxe5 26. Nxe5 Ne6 27. Qb5 Rd8 28. Qc6 Qa6 29. a4 d4 30. Qf3 Ng5 31. Qc6 Ne6 32.
Qf3 Ng5 33. Qf4 Qxa4 34. Rxd4 Rf8 35. Rd7 Ne6 36. Qf5 g6 37. Qf6 Ng5 38. h4 Ne4 39.
Qf4 Qa1+ 40. Kh2 Nxf2 0-1

[Event "*** SCC Grand Prix: Titled Tuesday Blitz"]
[Site "Chess.com"]
[Date "2020.10.13"]
[Round "10"]
[White "Aguiar94"]
[Black "yourstrulyme"]
[Result "1-0"]
[WhiteElo "2584"]
[BlackElo "2442"]
[TimeControl "180+1"]
[EndTime "11:55:26 PDT"]
[Termination "Aguiar94 won by resignation"]

1. e4 b6 2. d4 Bb7 3. Nc3 e6 4. Bd3 Nf6 5. Nge2 c5 6. d5 exd5 7. exd5 Nxd5 8. Nxd5 Bxd5 9. O-O Nc6 10. Nf4 Be6 11.
Re1 Be7 12. Nxe6 dxe6 13. Qf3 Nd4 14. Qe4 Qd5 15. Qg4 O-O-O 16. Bf4 h5 17. Ba6+ Kd7 18. Qd1 g5 19. c4 Qf5 20. Be5 Bd6 21. Bxh8 Rxh8 22. Bb7 Kc7 23. Be4 Qe5 24. g3 h4 25.
Bg2 Qf6 26. Re3 Nf5 27. Rd3 Qxb2 28. Rb1 Qf6 29. Qa4 a5 30. Qb5 Rb8 31. Qa6 Nd4 32.
Qa7+ Kd8 33. Rxb6 Rxb6 34. Qxb6+ Ke7 35. Qxa5 Qf5 36. Qd2 h3 37. Bh1 Qe5 38. Re3 Qf6 39. a4 Bc7 40. a5 Bxa5 41. Qxa5 Nf3+ 42. Bxf3 Qb2 43. Qxc5+ 1-0

[Event "*** SCC Grand Prix: Titled Tuesday Blitz"]
[Site "Chess.com"]
[Date "2020.10.13"]
[Round "10"]
[White "vaishali2001"]
[Black "BillieKimbah"]
[Result "0-1"]
[WhiteElo "2599"]
[BlackElo "2921"]
[TimeControl "180+1"]
[EndTime "11:55:27 PDT"]
[Termination "BillieKimbah won on time"]

1. d4 g6 2. e4 Bg7 3. Nc3 d6 4. Be3 a6 5. Qd2 b5 6. a4 b4 7. Nd5 a5 8. Bd3 Bb7 9. Nf4 Nf6 10. f3 O-O 11. d5 c6 12. dxc6 Nxc6 13. Nge2 e5 14. Nd5 Nxd5 15. exd5 Ne7 16. Bc4 Rc8 17. Bb3 Nf5 18. O-O Nxe3 19. Qxe3 Rc5 20. Rad1 Qa8 21.
c3 Bxd5 22. cxb4 axb4 23. Bxd5 Rxd5 24. Qb3 Ra5 25. Qxb4 d5 26. b3 Rb8 27. Qa3 Qa7+ 28. Kh1 Qe3 29. Qd6 Raa8 30. Ng3 Rd8 31. Qa3 Rab8 32.
Qe7 Qxb3 33. a5 Qb7 34. Qa3 Ra8 35. f4 Qb5 36. f5 Qxa5 37. Qe7 Qa7 38. Qh4 e4 39. f6 Bf8 40. Ne2 Qe3 41. Nf4 d4 42. Ne6 fxe6 43. f7+ Kh8 44. Qf6+ Bg7 45. Qxe6 d3 46.
Rde1 Qg5 47. Rxe4 Rf8 48. Re3 Rad8 49. Qb6 d2 0-1

[Event "*** SCC Grand Prix: Titled Tuesday Blitz"]
[Site "Chess.com"]
[Date "2020.10.13"]
[Round "10"]
[White "esapunov"]
[Black "annazero"]
[Result "1-0"]
[WhiteElo "2659"]
[BlackElo "2393"]
[TimeControl "180+1"]
[EndTime "11:55:27 PDT"]
[Termination "esapunov won by resignation"]

1. c4 c6 2. Nf3 d5 3. b3 Nf6 4. Bb2 Bf5 5. g3 e6 6. Bg2 h6 7. O-O Be7 8. d3 O-O 9. Nbd2 Bh7 10. Qc2 a5 11. a3 Nbd7 12. Bc3 b5 13.
cxb5 cxb5 14. b4 axb4 15. Bxb4 Bxb4 16. axb4 Qb6 17. Qb2 Qd6 18. Ra5 Rxa5 19. bxa5 b4 20. Ra1 Nb8 21. Nb3 Na6 22. Qd4 Bg6 23. Qb6 Rd8 24. Nfd4 Nb8 25. Nc5 Qxb6 26. axb6 e5 27. Nb5 e4 28. d4 Nfd7 29. b7 Nxc5 30. dxc5 b3 31. Rb1 Rd7 32. Nd6 d4 33. Rxb3 d3 34.
exd3 exd3 35. Rb2 Kf8 36. f4 Rc7 37. f5 Rxc5 38. Be4 Rc1+ 39. Kf2 Bh5 40. Bxd3 Rd1 41. Ke3 Re1+ 42. Kd2 Re7 43. Rc2 Rd7 44. Rc8+ Ke7 45. Rxb8 Rxd6 46. Rc8 Kf6 47. b8=Q Rd5 48. Qb6+ 1-0

[Event "*** SCC Grand Prix: Titled Tuesday Blitz"]
[Site "Chess.com"]
[Date "2020.10.13"]
[Round "10"]
[White "JuliaEfremova"]
[Black "karinachess1"]
[Result "0-1"]
[WhiteElo "2329"]
[BlackElo "2503"]
[TimeControl "180+1"]
[EndTime "11:55:27 PDT"]
[Termination "karinachess1 won by resignation"]

1. d4 Nf6 2. Bf4 d5 3. e3 e6 4. Nf3 Bd6 5. Ne5 O-O 6. Bd3 c5 7. c3 b6 8. Nd2 Ba6 9. Bxa6 Nxa6 10.
g4 Qc7 11. Qe2 Nb8 12. O-O-O Nc6 13. g5 Nd7 14. Nxd7 Qxd7 15. Bxd6 Qxd6 16. f4 cxd4 17.
exd4 Qxf4 18. Rdf1 Qxg5 19. Rhg1 Qh6 20. Rf3 Rab8 21. Rfg3 g6 22. Qg2 b5 23. h4 b4 24. h5 bxc3 25. bxc3 Ne7 26. Rh1 Qf4 27. hxg6 fxg6 28. Rf3 Qd6 29. Rxf8+ Rxf8 30. Qh3 Rf7 31.
Kc2 Nf5 32. Rb1 Rc7 33. Nf3 Kg7 34. Rh1 h6 35. Kd2 Qf4+ 36. Kc2 Qxf3 37. Qxf3 Nxd4+ 38. Kd3 Nxf3 39. Rb1 Ne5+ 40. Kd4 Nc4 41. Rb8 g5 42. Re8 Kf7 43. Rh8 Kg6 44. Re8 Kf6 45. Rh8 Rd7 46.
Rxh6+ Kf5 47. Kc5 g4 48. Kc6 Rd6+ 49. Kc5 g3 50. Rh8 Rd7 51. Rg8 Kf4 52. Kc6 Rf7 53. a4 Kf3 54. a5 Nxa5+ 55. Kd6 g2 56. Kxe6 Rf4 57. Kxd5 Rg4 58. Rf8+ Kg3 0-1